 Dungeon Crawl Stone Soup version 0.29.1-15-g9cfb28693d (webtiles) character file.

Game seed: 15680627761355628839

25687 BlackCrag the Bludgeoner (level 12, -10/113 HPs)
             Began as a Minotaur Berserker on Mar 12, 2023.
             Was an Elder of Trog.
             Shot with a bolt by an orc warlord (16 damage)
             ... on level 2 of the Orcish Mines.
             The game lasted 01:01:26 (12287 turns).

BlackCrag the Bludgeoner (Minotaur Berserker)      Turns: 12287, Time: 01:01:28

Health: -10/113    AC: 21    Str: 28    XL:     12   Next: 91%
Magic:  11/11      EV: 10    Int:  4    God:    Trog [****..]
Gold:   1706       SH:  0    Dex: 15    Spells: 11/11 levels left

rFire   . . .      SeeInvis .   E - +3 great mace
rCold   . . .      Faith    .   (shield currently unavailable)
rNeg    . . .      Spirit   .   o - +0 plate armour
rPois   .          Reflect  .   (helmet restricted)
rElec   .          Harm     .   (no cloak)
rCorr   .          Rampage  .   (no gloves)
Will    ++...                   (no boots)
Stlth   ..........              s - amulet of regeneration
HPRegen 2.08/turn               i - +4 ring of protection
MPRegen 0.12/turn               y - +6 ring of dexterity

@: strong-willed, regenerating
A: horns 2, retaliatory headbutt
a: Renounce Religion, Berserk, Trog's Hand, Brothers in Arms


You were on level 2 of the Orcish Mines.
You worshipped Trog.
Trog was greatly pleased with you.
You visited 3 branches of the dungeon, and saw 15 of its levels.

You collected 1857 gold pieces.
You spent 151 gold pieces at shops.

Inventory:

Hand Weapons
 E - a +3 great mace (weapon)
 H - a +5 flail
Missiles
 r - 19 poisoned darts
 B - 6 curare-tipped darts
 F - 17 boomerangs (quivered)
 G - 5 silver boomerangs
Armour
 f - a +2 ring mail of fire resistance
 o - a +0 plate armour (worn)
 D - +0 acid dragon scales
 I - a +0 kite shield
Jewellery
 i - a +4 ring of protection (left hand)
 s - an amulet of regeneration (around neck)
 y - a +6 ring of dexterity (right hand)
Wands
 b - a wand of paralysis (4)
 m - a wand of polymorph (13)
 z - a wand of flame (26)
Scrolls
 a - a scroll of enchant armour {unknown}
 c - 5 scrolls of enchant weapon
 d - 4 scrolls of blinking
 e - a scroll of noise {unknown}
 k - a scroll of acquirement {unknown}
 n - a scroll of fear {unknown}
 q - 3 scrolls of fog
 t - a scroll of poison {unknown}
 u - 2 scrolls of vulnerability {unknown}
 v - 4 scrolls of teleportation
 x - 3 scrolls of torment {unknown}
Potions
 h - 5 potions of curing
 j - 2 potions of resistance
 l - a potion of invisibility {unknown}
 p - 2 potions of haste
 w - 4 potions of flight
 A - 3 potions of might {unknown}
 C - a potion of degeneration {unknown}
 J - 3 potions of heal wounds
 K - a potion of mutation {unknown}


   Skills:
 * Level 12.9 Fighting
 * Level 16.4 Maces & Flails
 * Level 7.7 Throwing
 * Level 16.3 Armour
 + Level 4.0 Dodging
 + Level 1.0 Stealth
 + Level 4.6 Shields
 + Level 0.1 Unarmed Combat


You had 11 spell levels left.
You didn't know any spells.
Your spell library was empty.

Dungeon Overview and Level Annotations

Branches:
Dungeon (12/15)            Temple (1/1) D:4            Lair (0/5) D:8
    Orc (2/2) D:12            Elf (0/3) Orc:2

Altars:
Cheibriados
Fedhas
Gozag
Kikubaaqudgha
Makhleb
Okawaru
Qazlal
Vehumet
Wu Jian
Yredelemnul
The Shining One

Shops:
D:4 *   Orc:1 !


Innate Abilities, Weirdness & Mutations

You have a pair of horns on your head.
You reflexively headbutt those who attack you in melee.


Message History

The orc sorcerer hits you but does no damage.
The orc warlord roars a battlecry!
The orc sorcerer goes into a battle-frenzy!
There is a stone staircase leading up, spattered with blood here.
You climb upwards.
There is a stone staircase leading down here.
You bludgeon the orc sorcerer!!
The orc sorcerer is almost dead.
The orc sorcerer gestures at you while chanting.
You resist with some effort.
You bludgeon the orc sorcerer!!
You kill the orc sorcerer!
Trog accepts your kill.
Trog appreciates your killing of a magic user.
Things that are here:
a +0 dagger; a +1 robe of willpower
There is a stone staircase leading down here.
You climb downwards.
The orc warlord unwields a +0 arbalest.
The orc warlord wields a +3 great sword of electrocution.
You hear the crackle of electricity.
The orc warlord hits you with a +3 great sword of electrocution!!
There is a stone staircase leading up, spattered with blood here.
You fail to use your ability.
The orc warlord hits you with a +3 great sword of electrocution!
Your skin crawls.
You feel strong-willed.
The orc warlord hits you with a +3 great sword of electrocution!
Your two-headed ogre goes berserk!
Trog will no longer gift you weapons.
The orc warlord hits you with a +3 great sword of electrocution!!
* * * LOW HITPOINT WARNING * * *
You are electrocuted!
* * * LOW HITPOINT WARNING * * *
The orc warlord attacks as you move away!
The orc warlord hits you with a +3 great sword of electrocution!
* * * LOW HITPOINT WARNING * * *
The orc warlord unwields a +3 great sword of electrocution.
It stops crackling.
The orc warlord wields a +0 arbalest.
The orc warlord shoots a bolt.
The bolt hits you!
You die...

.........................###
..........................##
.............^.............#
...................[......##
#.................[.........#
#.#...................#....##
................#)..####.##
.#..........#.......# #...#
##.......o<@O....[## ##.##
##.......[.....[.# ###
##.....#.).....)##
#.....#.....[[.[##
#..........##..[.####
##.#......####.[....##
##......## #.......#
###....### ##[##..##
##.##..### ##.########


You could see an orc warlord (ally target) and a friendly two-headed ogre
(summoned, berserk).

Vanquished Creatures
  Saint Roka (Orc:2)
  Jorgrun (Orc:2)
  3 two-headed ogres
  4 slime creatures (D:10)
  Pikel (D:5)
  3 orc knights
  2 cyclopes
  2 orc sorcerers
  An ugly thing (D:8)
  A manticore (D:11)
  Maggie (D:9)
  8 trolls
  Grinder (D:4)
  2 shadows (D:9)
  A wyvern (D:5)
  3 vampires
  A wraith (D:12)
  13 yaks
  Eustachio (D:5)
  8 vampire mosquitoes
  2 steam dragons
  4 acid dragons
  2 wargs
  A water moccasin (D:8)
  Duvessa (D:6)
  3 black bears (D:8)
  21 orc warriors
  2 ice beasts
  2 sky beasts
  8 centaurs
  6 ogres
  2 phantoms
  2 kobold brigands
  8 bullfrogs
  A necrophage (D:7)
  11 scorpions
  16 wights
  Dowan (D:6)
  A killer bee (D:10)
  3 howler monkeys
  4 hounds
  A jelly (D:7)
  16 orc priests
  A gnoll bouda (D:6)
  4 iguanas
  20 orc wizards
  The ghost of P0WERM0DE the Charlatan, a weakling PaAr (D:4)
  6 adders
  6 gnolls
  3 shadow imps
  3 white imps
  An ufetubus (D:7)
  4 worms
  7 dart slugs
  53 orcs
  2 bats
  4 endoplasms
  3 giant cockroaches
  9 hobgoblins
  9 jackals
  20 kobolds
  5 ball pythons
  6 frilled lizards
  11 goblins
  4 rats
  A butterfly (D:10)
359 creatures vanquished.

Vanquished Creatures (collateral kills)
  3 orc warriors (Orc:2)
  An orc wizard (Orc:2)
  4 orcs (Orc:2)
8 creatures vanquished.

Vanquished Creatures (others)
  43 fungi (D:8)
  39 plants (D:8)
82 creatures vanquished.

Grand Total: 449 creatures vanquished

Notes
Turn   | Place    | Note
-------+----------+-------------------------------------------
     0 | D:1      | BlackCrag the Minotaur Berserker began the quest for the
                  | Orb.
     0 | D:1      | Reached XP level 1. HP: 19/19 MP: 0/0
   122 | D:1      | Reached XP level 2. HP: 22/27 MP: 1/1
   178 | D:1      | Found a faded altar of an unknown god.
   671 | D:1      | Reached XP level 3. HP: 33/33 MP: 2/2
   964 | D:1      | Reached ** piety under Trog
  1103 | D:2      | You fall into a shaft and drop 2 floors!
  1156 | D:3      | Reached skill level 5 in Maces & Flails
  1354 | D:2      | Reached XP level 4. HP: 34/40 MP: 3/3
  1493 | D:2      | Found a snail-covered altar of Cheibriados.
  1959 | D:3      | Found an ornate altar of the Wu Jian Council.
  1959 | D:3      | Found a basalt altar of Yredelemnul.
  2387 | D:4      | Found a staircase to the Ecumenical Temple.
  2396 | D:4      | Noticed a scorpion
  2403 | D:4      | Reached XP level 5. HP: 44/47 MP: 4/4
  2563 | Temple   | Entered the Ecumenical Temple
  2623 | D:4      | Noticed Grinder
  2639 | D:4      | Killed Grinder
  2640 | D:4      | Reached skill level 5 in Fighting
  2640 | D:4      | Reached XP level 6. HP: 56/56 MP: 5/5
  2746 | D:4      | Found a runed translucent gate.
  2746 | D:4      | Found a runed translucent gate.
  2746 | D:4      | Found a runed translucent gate.
  2747 | D:4      | Found an opulent altar of Gozag.
  2750 | D:4      | Noticed P0WERM0DE's ghost (weakling PaAr)
  2750 | D:4      | Noticed an acid dragon
  2802 | D:4      | Reached *** piety under Trog
  3103 | D:4      | Found Ponuuwk's Assorted Antiques.
  3106 | D:4      | Reached XP level 7. HP: 61/61 MP: 6/6
  3108 | D:4      | Bought a smoky amethyst potion for 25 gold pieces
  3108 | D:4      | Bought a scroll labelled NOSIOKHAGH for 28 gold pieces
  3108 | D:4      | Bought a scroll labelled ENGAIRPHOEQO for 28 gold pieces
  3446 | D:5      | Entered Level 5 of the Dungeon
  3459 | D:5      | Found an iron altar of Okawaru.
  3468 | D:5      | Noticed a wyvern
  3471 | D:5      | Noticed Pikel
  3480 | D:5      | Killed a wyvern
  3486 | D:5      | Killed Pikel
  3487 | D:5      | Reached skill level 5 in Armour
  3487 | D:5      | Reached XP level 8. HP: 57/71 MP: 7/7
  3697 | D:5      | Reached skill level 10 in Maces & Flails
  3818 | D:5      | Noticed Eustachio
  3831 | D:5      | Killed Eustachio
  4106 | D:5      | Found a burning altar of Makhleb.
  4266 | D:6      | Reached XP level 9. HP: 29/79 MP: 8/8
  4618 | D:6      | Noticed Dowan
  4620 | D:6      | Noticed Duvessa
  4638 | D:6      | Killed Duvessa
  4641 | D:6      | Killed Dowan
  5031 | D:6      | Found a stormy altar of Qazlal.
  5141 | D:4      | Killed P0WERM0DE's ghost
  5153 | D:4      | Reached skill level 1 in Throwing
  5344 | D:7      | Found a blossoming altar of Fedhas.
  5368 | D:7      | Found a snail-covered altar of Cheibriados.
  5460 | D:7      | Found an ancient bone altar of Kikubaaqudgha.
  5533 | D:7      | Reached skill level 10 in Armour
  5648 | D:7      | Reached **** piety under Trog
  6084 | D:7      | Found a glowing golden altar of the Shining One.
  6323 | D:8      | Reached XP level 10. HP: 55/90 MP: 9/9
  6594 | D:8      | Found a staircase to the Lair.
  7401 | D:8      | Noticed a white ugly thing
  7408 | D:8      | Killed a white ugly thing
  7873 | D:9      | Noticed a two-headed ogre
  7882 | D:9      | Killed a two-headed ogre
  7883 | D:9      | Reached skill level 1 in Shields
  8444 | D:9      | Noticed Maggie
  8457 | D:9      | Killed Maggie
  8458 | D:9      | Reached XP level 11. HP: 97/97 MP: 10/10
  8633 | D:10     | Entered Level 10 of the Dungeon
  8687 | D:10     | Reached skill level 5 in Throwing
  8973 | D:10     | Reached ***** piety under Trog
  8974 | D:10     | Reached skill level 10 in Fighting
  9121 | D:10     | HP: 7/150 [very large slime creature (22)]
  9495 | D:10     | Found a runed translucent door.
  9497 | D:10     | Found a runed translucent door.
  9786 | D:11     | Noticed a two-headed ogre
  9800 | D:11     | Killed a two-headed ogre
  9801 | D:11     | Reached skill level 1 in Stealth
  9974 | D:11     | Reached skill level 15 in Armour
 10083 | D:11     | Noticed a two-headed ogre
 10089 | D:11     | Killed a two-headed ogre
 10089 | D:11     | Received a gift from Trog
 10090 | D:11     | Reached skill level 15 in Maces & Flails
 10670 | D:12     | Found a staircase to the Orcish Mines.
 10682 | D:12     | Found an opulent altar of Gozag.
 10731 | D:12     | Reached XP level 12. HP: 87/110 MP: 11/11
 10961 | Orc:1    | Entered Level 1 of the Orcish Mines
 11059 | Orc:1    | Found Fugh's Distillery.
 11068 | Orc:1    | Bought a potion of heal wounds for 70 gold pieces
 11315 | Orc:2    | Entered Level 2 of the Orcish Mines
 11669 | Orc:2    | Noticed Saint Roka
 11760 | Orc:2    | Killed Saint Roka
 12030 | Orc:2    | Found a staircase to the Elven Halls.
 12066 | Orc:2    | Noticed Jorgrun
 12079 | Orc:2    | Killed Jorgrun
 12113 | Orc:2    | Noticed an orc warlord
 12287 | Orc:2    | HP: 4/113 [orc warlord/+3 great sword of electrocution
                  | (13)]
 12287 | Orc:2    | Shot with a bolt by an orc warlord

Illustrated notes

Levels and vault maps discovered:
D:1:      dpeg_arrival_renting, layout_basic,
          chequers_ecumenical_altar_simple_redux, dreamdust_princess_bridge,
          nicolae_figureground_sparkle
D:2:      layout_basic, basic_altar
D:3:      layout_basic, nicolae_overflow_two_pavilions, grunt_ministairs_1
D:4:      layout_cave_pods, minmay_temple_entry_large_hall, ebering_ghost_gozag,
          serial_shops, kennysheep_mini, uniq_grinder
D:5:      layout_cave_pools, makhleb_blood_cavern_becter,
          mainiacjoe_overflow_alcove_1, uniq_pikel, uniq_eustachio
D:6:      layout_cave_pools, nicolae_qazlal_general_emergency, uniq_duvessa
D:7:      layout_rooms, overflow_temple_1_default, slow_altar_2,
          tso_oasis_becter, amcnicky_altar_gilded, grunt_ministairs_14
D:8:      layout_basic, due_lair_maze_entry_diamond, grunt_ministairs_11
D:9:      layout_cave_pods, uniq_maggie
D:10:     lemuel_insect_pit, layout_basic, chequers_serial_rivers_room_b
D:11:     layout_basic
D:12:     layout_basic, nicolae_gozag_seed_capital
Temple:   compressed_dpeg_triangle_lava_temple
Orc:1:    layout_diamond_mine, serial_shops, shop
Orc:2:    grunt_orc_cross, layout_caves, special_room, uniq_saint_roka,
          uniq_jorgrun

Skill      XL: |  1  2  3  4  5  6  7  8  9 10 11 12 |
---------------+-------------------------------------+-----
Maces & Flails | 4 5 7 9 10 12 13 15 16 | 16.4
Fighting       | 4 5 6 7 8 9 11 12 | 12.9
Armour         | 3 5 8 11 13 15 16 | 16.3
Dodging        | 3 4 |  4.0
Throwing       | 2 4 6 7 |  7.7
Shields        | 1 3 4 |  4.6
Stealth        | 1 |  1.0
Unarmed Combat | |  0.1

Action                   |  1- 3 |  4- 6 |  7- 9 | 10-12 || total
-------------------------+-------+-------+-------+-------++-------
Melee: Mace              |    88 |   115 |    23 |       ||   226
       Headbutt          |     7 |    21 |    61 |   108 ||   197
       Punch             |     3 |       |     2 |       ||     5
       Flail             |       |       |   269 |   470 ||   739
       Unarmed           |       |       |     1 |       ||     1
       Great mace        |       |       |       |   135 ||   135
Throw: Boomerang         |       |       |    14 |   128 ||   142
       Dart              |       |       |     2 |     4 ||     6
Invok: Trog's Hand       |       |     1 |     5 |     7 ||    13
       Berserk           |       |       |     4 |     4 ||     8
       Brothers in Arms  |       |       |       |     2 ||     2
Evoke: Wand              |       |       |       |     1 ||     1
  Use: Scroll            |     3 |     1 |     4 |    10 ||    18
       Potion            |       |       |       |     2 ||     2
Armor: Animal skin       |     7 |       |       |       ||     7
       Scale mail        |    10 |    10 |       |       ||    20
       Ring mail         |     9 |       |       |       ||     9
       Chain mail        |       |    38 |    98 |       ||   136
       Plate armour      |       |       |    88 |   271 ||   359
       Skin              |       |       |     1 |       ||     1
Dodge: Dodged            |    65 |    52 |   168 |   174 ||   459
Block: Kite shield       |       |       |       |   141 ||   141
